 Dungeon Crawl Stone Soup version 0.31-a0-1176-gb7303255ee (webtiles) character file.

Game seed: 11733148127851999400

138 ProfCupcake the Slasher (level 5, -20/47 HPs)
             Began as a Gnoll Chaos Knight on Dec 11, 2023.
             Was a Plaything of Xom.
             Demolished by a komodo dragon (glowing shapeshifter) (31 damage)
             ... on level 4 of the Dungeon.
             The game lasted 00:14:58 (2349 turns).

ProfCupcake the Slasher (Gnoll Chaos Knight)        Turns: 2349, Time: 00:14:58

Health: -20/47     AC: 10    Str: 13    XL:     5   Next: 21%
Magic:  6/7        EV: 12    Int: 18    God:    Xom [..*...]
Gold:   238        SH:  0    Dex: 11    Spells: 5/6 levels left

rFire   . . .        a - +1 falchion (chaos)
rCold   . . .        (no shield)
rNeg    . . .        b - +2 leather armour
rPois   .            s - +0 helmet
rElec   .            (no cloak)
rCorr   .            i - +2 pair of gloves
SInv    .            (no boots)
Will    .....        q - amulet of the acrobat
Stlth   +            m - +6 ring of intelligence
HPRegen 0.27/turn    (no ring)
MPRegen 0.10/turn

%: acrobat
@: no status effects
A: fangs 1, strong nose, distributed training
a: Renounce Religion


You were on level 4 of the Dungeon.
You worshipped Xom.
You were a toy of Xom.
You visited 1 branch of the dungeon, and saw 4 of its levels.

You collected 238 gold pieces.

Inventory:

Hand Weapons
 a - a +1 falchion of chaos (weapon)
 e - a +0 sling
 r - a +2 mace of protection
Missiles
 g - 47 stones
 l - 6 poisoned darts (quivered)
 o - 3 javelins
Armour
 b - a +2 leather armour (worn)
 i - a +2 pair of gloves (worn)
 s - a +0 helmet (worn)
Jewellery
 m - a +6 ring of intelligence (left hand)
 q - an amulet of the acrobat (around neck)
Scrolls
 c - a scroll of butterflies
 j - 3 scrolls of fog
 n - 2 scrolls of identify
Potions
 d - 2 potions of curing
 f - 2 potions of attraction
 h - 2 potions of mutation
 p - 2 potions of degeneration {unknown}


   Skills:
 + Level 6.7 Fighting
 + Level 1.4 Short Blades
 + Level 6.7 Long Blades
 + Level 1.4 Axes
 + Level 1.4 Maces & Flails
 + Level 1.4 Polearms
 + Level 1.4 Staves
 + Level 1.4 Ranged Weapons
 + Level 1.4 Throwing
 + Level 4.7 Armour
 + Level 2.9 Dodging
 + Level 1.4 Stealth
 + Level 1.4 Shields
 + Level 1.4 Unarmed Combat
 + Level 1.4 Spellcasting
 + Level 1.1 Conjurations
 + Level 1.1 Hexes
 + Level 1.1 Summonings
 + Level 1.1 Necromancy
 + Level 1.1 Translocations
 + Level 1.1 Transmutations
 + Level 1.1 Fire Magic
 + Level 1.1 Ice Magic
 + Level 1.1 Air Magic
 + Level 1.1 Earth Magic
 + Level 1.1 Poison Magic
 + Level 1.6 Invocations
 + Level 1.4 Evocations
 + Level 1.3 Shapeshifting


You had 5 spell levels left.
You knew the following spells:

 Your Spells              Type           Power      Damage    Failure   Level
a - Magic Dart            Conj           20%        1d4       14%         1

Your spell library contained the following spells:

 Spells                   Type           Power      Damage    Failure   Level
 Kiss of Death            Conj/Necr      20%        2d7       14%         1
 Searing Ray              Conj           10%        2d4       22%         2
 Confusing Touch          Hex            5%         N/A       41%         3
 Dispel Undead            Necr           5%         3d7       82%         4
 Fulminant Prism          Conj/Hex       2%         3d5       82%         4


Dungeon Overview and Level Annotations

Branches:
Dungeon (4/15)
 Temple: D:4-7

Altars:
Nemelex Xobeh
Uskayaw
Yredelemnul


Innate Abilities, Weirdness & Mutations

You have very sharp teeth.
Your uncanny sense of smell can sniff out nearby items.
Your experience applies equally to all skills.


Message History

Aim: a black bear (lightly wounded, confused, 100% to hit)
The magic dart hits the black bear but does no damage.
The black bear is lightly wounded.
There is an open door here.
You strike the helpless black bear from behind!
You hit the black bear.
The black bear becomes as fragile as glass.
You bite the black bear, but do no damage.
The black bear is lightly wounded.
Xom's power touches on a nearby monster.
The black bear changes into a glowing shapeshifter!
The glowing shapeshifter changes into a crocodile!
You barely miss the crocodile.
Xom asks Qazlal to spice things up a little.
You are now a toy of Xom.
The crocodile bites you! The crocodile drags you backwards!
Okay, then.
You closely miss the crocodile. Your bite misses the crocodile.
The crocodile closely misses you.
You closely miss the crocodile. Your bite misses the crocodile.
The crocodile changes into a komodo dragon!
You barely miss the komodo dragon.
You bite the komodo dragon, but do no damage.
You hit the komodo dragon but do no damage.
The komodo dragon flies into a frenzy!
The komodo dragon bites you but does no damage.
The komodo dragon bites you!!
Ouch! That really hurt!
* * * LOW HITPOINT WARNING * * *
The komodo dragon attacks as it pursues you!
The komodo dragon completely misses you.
The komodo dragon completely misses you.
The komodo dragon hisses angrily.
The komodo dragon attacks as it pursues you!
The komodo dragon barely misses you.
The komodo dragon completely misses you.
You open the door. The komodo dragon bites you!!
Ouch! That really hurt!
You die...
Xom laughs nastily!

##...........#.........#### ##.
#..#######.#.##.###.......# #..
#.## #.#.##.# #...)...# #.. #.#
#.#....# #.......# #.. #.#
##'###### #.......# ##. #.#
##.ยง.## #.......## ## ##.#
##.....## #.........### ##..#
##......l## #............
#...####........@####...####.###.
......%'.........'...........# #.
#...####.[.......####...####.###)
.#..# ##.......## ##..#####...)_
#...# ##.....## #.........####
.#### ##...## #....###..# ## #
.....# #....# #..# ## ###$.#
#..... ....... ..# ####.###...###


You could see a neutral komodo dragon shaped shifter (fast, strong, frenzied).

Vanquished Creatures
  A scorpion (D:3)
  Robin (D:4)
  An adder (D:3)
  3 ball pythons
  3 bats
  2 endoplasms
  6 giant cockroaches
  13 goblins
  6 hobgoblins
  3 jackals (D:3)
  6 kobolds
  A frilled lizard (D:2)
  2 rats
48 creatures vanquished.

Notes
Turn   | Place    | Note
-------+----------+-------------------------------------------
     0 | D:1      | ProfCupcake the Gnoll Chaos Knight began the quest for the
                  | Orb.
     0 | D:1      | Reached XP level 1. HP: 23/23 MP: 1/1
    39 | D:1      | XOM: silly message
   289 | D:1      | Reached XP level 2. HP: 29/29 MP: 2/2
   757 | D:2      | XOM: potion effect (might)
   882 | D:2      | XOM: god gift: leather armour {god gift}
  1428 | D:3      | Reached XP level 3. HP: 35/35 MP: 3/3
  1429 | D:3      | XOM is BORED!
  1429 | D:3      | Found a sparkling altar of Nemelex Xobeh.
  1429 | D:3      | XOM: 3-stop teleportation journey
  1442 | D:3      | XOM: noise
  1453 | D:3      | Noticed a scorpion
  1453 | D:3      | XOM: confuse monster(s)
  1469 | D:3      | Killed a scorpion
  1470 | D:3      | Reached skill level 1 in Short Blades
  1470 | D:3      | Reached skill level 1 in Axes
  1470 | D:3      | Reached skill level 1 in Maces & Flails
  1470 | D:3      | Reached skill level 1 in Polearms
  1470 | D:3      | Reached skill level 1 in Staves
  1470 | D:3      | Reached skill level 1 in Ranged Weapons
  1470 | D:3      | Reached skill level 1 in Throwing
  1470 | D:3      | Reached skill level 1 in Stealth
  1470 | D:3      | Reached skill level 1 in Shields
  1470 | D:3      | Reached skill level 1 in Unarmed Combat
  1470 | D:3      | Reached skill level 1 in Spellcasting
  1470 | D:3      | Reached skill level 1 in Conjurations
  1470 | D:3      | Reached skill level 1 in Hexes
  1470 | D:3      | Reached skill level 1 in Summonings
  1470 | D:3      | Reached skill level 1 in Necromancy
  1470 | D:3      | Reached skill level 1 in Translocations
  1470 | D:3      | Reached skill level 1 in Transmutations
  1470 | D:3      | Reached skill level 1 in Fire Magic
  1470 | D:3      | Reached skill level 1 in Ice Magic
  1470 | D:3      | Reached skill level 1 in Air Magic
  1470 | D:3      | Reached skill level 1 in Earth Magic
  1470 | D:3      | Reached skill level 1 in Poison Magic
  1470 | D:3      | Reached skill level 1 in Invocations
  1470 | D:3      | Reached skill level 1 in Evocations
  1470 | D:3      | Reached skill level 1 in Shapeshifting
  1470 | D:3      | Reached XP level 4. HP: 41/41 MP: 3/5
  1658 | D:3      | XOM: silly message
  1670 | D:3      | XOM: 2-stop teleportation journey
  1781 | D:3      | XOM: god gift: 9 stones
  1887 | D:3      | Learned a level 1 spell: Magic Dart
  1900 | D:3      | Found a basalt altar of Yredelemnul.
  2142 | D:4      | Found a hide-covered altar of Uskayaw.
  2150 | D:4      | Noticed Robin
  2170 | D:4      | Reached XP level 5. HP: 38/47 MP: 6/6
  2187 | D:4      | Killed Robin
  2188 | D:4      | XOM: noise
  2323 | D:4      | Noticed a black bear
  2332 | D:4      | XOM: confuse monster(s)
  2339 | D:4      | a black bear changed into a glowing shapeshifter
  2339 | D:4      | Noticed a glowing shapeshifter (glowing shapeshifter)
  2339 | D:4      | XOM: polymorph black bear -> glowing shapeshifter
  2339 | D:4      | a glowing shapeshifter changed into a crocodile
  2339 | D:4      | Noticed a crocodile (glowing shapeshifter)
  2340 | D:4      | XOM: chaos cloud
  2342 | D:4      | a crocodile changed into a komodo dragon
  2342 | D:4      | Noticed a komodo dragon (glowing shapeshifter)
  2349 | D:4      | Demolished by a komodo dragon (glowing shapeshifter)

Illustrated notes

Levels and vault maps discovered:
D:1:      lightli_arrival_statuegarden, layout_basic
D:2:      layout_rooms, hangedman_feature_mirror, minmay_3d_cube
D:3:      layout_loops_cross, amcnicky_altar_gilded, yredelemnul_altar_generic,
          kennysheep_decorative_pillar
D:4:      layout_loops_corners, lemuel_doored_altar, uniq_eustachio, uniq_robin

Skill      XL: |  1  2  3 |
---------------+----------+-----
Short Blades   | 1 |  1.4
Axes           | 1 |  1.4
Maces & Flails | 1 |  1.4
Polearms       | 1 |  1.4
Staves         | 1 |  1.4
Ranged Weapons | 1 |  1.4
Throwing       | 1 |  1.4
Stealth        | 1 |  1.4
Shields        | 1 |  1.4
Unarmed Combat | 1 |  1.4
Spellcasting   | 1 |  1.4
Conjurations   | 1 |  1.1
Hexes          | 1 |  1.1
Summonings     | 1 |  1.1
Necromancy     | 1 |  1.1
Translocations | 1 |  1.1
Transmutations | 1 |  1.1
Fire Magic     | 1 |  1.1
Ice Magic      | 1 |  1.1
Air Magic      | 1 |  1.1
Earth Magic    | 1 |  1.1
Poison Magic   | 1 |  1.1
Invocations    | 1 |  1.6
Evocations     | 1 |  1.4
Shapeshifting  | 1 |  1.3
Fighting       | |  6.7
Long Blades    | |  6.7
Armour         | |  4.7
Dodging        | |  2.9

Action                     |  1- 3 |  4- 6 || total
---------------------------+-------+-------++-------
  Melee: Falchion          |    47 |    87 ||   134
         Bite              |       |    13 ||    13
         Punch             |       |     1 ||     1
   Fire: Sling             |     1 |       ||     1
  Throw: Javelin           |     3 |       ||     3
         Dart              |     3 |     1 ||     4
   Cast: Magic Dart        |       |     2 ||     2
    Use: Potion            |     1 |       ||     1
         Scroll            |     4 |       ||     4
   Stab: Sleeping          |     1 |     3 ||     4
         Confused          |       |     1 ||     1
 Armour: Leather armour    |    25 |    62 ||    87
  Dodge: Dodged            |    44 |    73 ||   117
         Form:             |     1 |       ||     1
         Maw               |     1 |       ||     1

Table legend: (Time is in decaauts)
 A = Elapsed time spent in this place.
 B = Non-inter-level travel time spent in this place.
 C = Inter-level travel time spent in this place.
 D = Time resting spent in this place.
 E = Time spent auto-exploring this place.
 F = Levels seen in this place.
 G = Mean time per level.
                   A        B        C        D        E       F      G
               +--------+--------+--------+--------+--------+-----+--------+
         Total |   2345 |   2199 |    146 |    110 |   1124 |   4 |  586.2 |
       Dungeon |   2345 |   2199 |    146 |    110 |   1124 |   4 |  586.2 |
               +--------+--------+--------+--------+--------+-----+--------+

Top non-repeatable levels by time:
     D:1: 708 daAuts
     D:2: 695 daAuts
     D:3: 692 daAuts
     D:4: 249 daAuts
